General information
- name: BNet
- type: Ladder team game (AT/RT)
- host: Battle.net
- saver: brucewillisusa
map: GnollWood
- players: 4
- length: 13:50
- speed: Fast
- version: 1.24 W3XP
- replay type: Public
» download(59 KB)
Players
team 1 (winner)

»
avid.milk2 (
green | 47 APM | 651 actions | 13:48)
4 Pandaren Brewmaster
2 Breath of Fire
2 Drunken Brawler
» actions
| Assign group hotkey | 33 | |
| Basic commands | 15 | |
| Build / train | 44 | |
| Enter build submenu | 24 | |
| Enter hero's abilities submenu | 4 | |
| Right click | 300 | |
| Select / deselect | 113 | |
| Select group hotkey | 67 | |
| Use ability | 51 | |
651 total
» units
» buildings
| Altar of Kings | 1 | |
| Farm | 11 | |
| Scout Tower | 6 | |
| Lumber Mill | 1 | |
| Arcane Tower | 1 | |
| Guard Tower | 5 | |
| Arcane Vault | 1 | |
| Blacksmith | 1 | |
| Keep | 1 | |
28 total
» build order
00:10 Altar of Kings
00:13 Farm
00:16 Farm
07:38 Scout Tower
07:41 Lumber Mill
07:43 Scout Tower
07:43 Scout Tower
08:07 Arcane Tower
08:10 Scout Tower
08:35 Guard Tower
08:35 Guard Tower
08:40 Guard Tower
08:40 Guard Tower
09:41 Arcane Vault
09:47 Farm
09:52 Farm
09:54 Farm
11:26 Blacksmith
11:29 Scout Tower
11:33 Scout Tower
11:57 Keep
12:02 Farm
12:04 Farm
12:07 Farm
12:09 Farm
12:10 Farm
12:11 Farm
» items
| Boots of Speed | 1 | |
| Potion of Lesser Invulnerability | 1 | |
| Scroll of Healing | 1 | |
3 total

»
brucewillisusa (
red | 65 APM | 900 actions | 13:50)
5 Pandaren Brewmaster
3 Breath of Fire
2 Drunken Brawler
» actions
| Assign group hotkey | 46 | |
| Basic commands | 20 | |
| Build / train | 42 | |
| ESC pressed | 4 | |
| Enter build submenu | 13 | |
| Enter hero's abilities submenu | 6 | |
| Right click | 381 | |
| Select / deselect | 177 | |
| Select group hotkey | 183 | |
| Use ability | 28 | |
900 total
» units
| Acolyte | 2 | |
| Ghoul | 15 | |
| Crypt Fiend | 10 | |
27 total
» upgrades
» buildings
| Crypt | 3 | |
| Ziggurat | 6 | |
| Altar of Darkness | 1 | |
| Graveyard | 1 | |
| Halls of the Dead | 2 | |
| Sacrificial Pit | 1 | |
| Black Citadel | 1 | |
15 total
» build order
00:10 Crypt
00:13 Ziggurat
00:25 Crypt
00:36 Crypt
00:45 Ziggurat
01:15 Altar of Darkness
01:32 Ziggurat
02:40 Ziggurat
03:03 Graveyard
03:50 Ziggurat
03:51 Ziggurat
07:14 Halls of the Dead
09:45 Sacrificial Pit
11:13 Black Citadel
team 2 (loser)
hi.gl.hf (
purple | 75 APM | 1028 actions | 13:47)
2 Death Knight
1 Unholy Aura
1 Death Coil
1 Lich
1 Frost Nova
» actions
| Assign group hotkey | 19 | |
| Basic commands | 75 | |
| Build / train | 52 | |
| ESC pressed | 5 | |
| Enter build submenu | 15 | |
| Enter hero's abilities submenu | 3 | |
| Right click | 437 | |
| Select / deselect | 253 | |
| Select group hotkey | 88 | |
| Use ability | 81 | |
1028 total
» units
| Acolyte | 2 | |
| Ghoul | 3 | |
| Crypt Fiend | 10 | |
| Gargoyle | 4 | |
19 total
» upgrades
» buildings
| Graveyard | 1 | |
| Crypt | 2 | |
| Altar of Darkness | 1 | |
| Ziggurat | 5 | |
| Tomb of Relics | 1 | |
| Halls of the Dead | 3 | |
| Spirit Tower | 8 | |
| Black Citadel | 2 | |
| Slaughterhouse | 1 | |
24 total
» build order
00:08 Graveyard
00:12 Crypt
00:35 Altar of Darkness
00:46 Ziggurat
01:18 Tomb of Relics
01:51 Ziggurat
03:22 Halls of the Dead
03:22 Halls of the Dead
03:22 Halls of the Dead
04:53 Ziggurat
05:09 Crypt
06:48 Spirit Tower
06:48 Spirit Tower
07:30 Ziggurat
08:32 Black Citadel
08:32 Black Citadel
10:02 Ziggurat
11:44 Slaughterhouse
12:41 Spirit Tower
12:41 Spirit Tower
12:42 Spirit Tower
» items
| Rod of Necromancy | 2 | |
| Scroll of Town Portal | 2 | |
| Potion of Healing | 5 | |
| Potion of Mana | 1 | |
10 total
NoEscape (
pink | 31 APM | 407 actions | 12:59)
2 Priestess of the Moon
1 Searing Arrows
1 Trueshot Aura
» actions
| Assign group hotkey | 1 | |
| Build / train | 19 | |
| Enter build submenu | 8 | |
| Enter hero's abilities submenu | 3 | |
| Right click | 207 | |
| Select / deselect | 138 | |
| Select group hotkey | 3 | |
| Use ability | 28 | |
407 total
» units
» buildings
| Altar of Elders | 1 | |
| Moon Well | 2 | |
| Hunter's Hall | 1 | |
| Ancient of War | 2 | |
| Ancient Protector | 2 | |
8 total
» build order
00:11 Altar of Elders
00:13 Moon Well
01:45 Hunter's Hall
01:49 Ancient of War
02:10 Ancient of War
02:28 Moon Well
03:52 Ancient Protector
04:27 Ancient Protector
Chat log
(00:07 / Allies) brucewillisusa: gools
(00:16 / Allies) brucewillisusa: feed asap
(00:16 / Allies) brucewillisusa: asap
(00:23 / Allies) brucewillisusa: now
(01:09 / Allies) avid.milk2: wat herop
(01:10 / Allies) brucewillisusa: 10wood
(01:11 / Allies) brucewillisusa: opadna
(01:27 / Allies) brucewillisusa: fuckign bad placement
(02:24 / Allies) avid.milk2: wat tavern we use
(02:26 / Allies) avid.milk2: theirs?
(02:47 / Allies) avid.milk2: ouch
(02:49 / Allies) avid.milk2: potm
(03:50 / Allies) avid.milk2: wisps[sps
(03:59 / Allies) avid.milk2: lol
(04:10 / Allies) brucewillisusa: get peon out
(07:03 / Allies) brucewillisusa: g
(07:07 / Allies) brucewillisusa: old
(07:08 / Allies) brucewillisusa: g old
(07:11 / Allies) brucewillisusa: g old
(07:21 / Allies) brucewillisusa: get a mandaren tower
(07:42 / Allies) brucewillisusa: care
(07:45 / Allies) brucewillisusa: waht are
(07:46 / Allies) brucewillisusa: u doing
(07:49 / Allies) brucewillisusa: u only have so many hp
(08:09 / Allies) brucewillisusa: long time till web
(08:17 / Allies) avid.milk2: gulp
(08:23 / All) brucewillisusa: fast
(08:24 / Allies) brucewillisusa: tower
(08:25 / Allies) brucewillisusa: fast
(08:26 / Allies) brucewillisusa: wtyf
(08:28 / Allies) brucewillisusa: 1 guy on mill
(08:29 / Allies) avid.milk2: nmo mill
(08:31 / Allies) avid.milk2: sadface
(08:32 / All) NoEscape: what rank are you guys?
(08:35 / All) brucewillisusa: lol?
(08:38 / All) brucewillisusa: gtfo ne ud trash
(08:42 / All) NoEscape: lol
(08:46 / All) NoEscape: ok mister mass rt feed
(09:18 / Allies) brucewillisusa: no peon suicicde
(09:31 / All) brucewillisusa: idiot smurfers
(09:33 / All) brucewillisusa: i shit on u
(09:48 / All) NoEscape: lol ?
(09:51 / All) NoEscape: you kids are terrible
(09:54 / All) NoEscape: luck is the name of the game
(10:01 / All) brucewillisusa: "kids"
(10:03 / All) avid.milk2: my mom said im good at this game
(10:04 / All) NoEscape: lucky races
(10:06 / All) NoEscape: lucky map
(10:13 / All) NoEscape: ;ucky i scouted wrong place
(10:22 / All) brucewillisusa: gargs rape ud feed
(10:23 / All) brucewillisusa: right?
(10:34 / All) brucewillisusa: good nuke
(10:35 / All) brucewillisusa: pro
(10:43 / All) brucewillisusa: creeping now??
(10:44 / All) brucewillisusa: lol!
(10:59 / All) hi.gl.hf: ur micro is the worse shit ive ever seen
(11:00 / All) hi.gl.hf: lol
(11:05 / All) brucewillisusa: lose more
(11:07 / All) brucewillisusa: what are u guys
(11:08 / All) brucewillisusa: 0-2?
(11:16 / Allies) brucewillisusa: get morts
(11:32 / Allies) brucewillisusa: get botos too
(12:16 / All) brucewillisusa: omg kid u r my son
(12:26 / All) avid.milk2: dad?
(12:28 / All) avid.milk2: is that you?
(12:31 / All) brucewillisusa: its me son!
(12:32 / All) brucewillisusa: kid!
(12:33 / All) brucewillisusa: son!
(12:35 / All) brucewillisusa: its me ur old pa!
(12:36 / All) avid.milk2: wghere have you bheen all these years?!?!?
(12:40 / All) brucewillisusa: PLAYING NERDCRAFT
(12:44 / All) brucewillisusa: SON
(12:45 / All) brucewillisusa: KID
(12:46 / All) brucewillisusa: WANT TO AT?
(12:52 / All) avid.milk2: DADDY!
(12:56 / All) brucewillisusa: MY BOY
(13:00 / All) brucewillisusa: MY SONNY KID
(13:06 / All) brucewillisusa: ;_;
(13:13 / All) avid.milk2: IM SO GLAD
(13:26 / All) brucewillisusa: SON
(13:28 / All) brucewillisusa: UR MICRO NEEDS WORK
(13:30 / All) brucewillisusa: I WILL TEACH U
(13:33 / All) brucewillisusa: HOW TO LOSE WITH NE UD
(13:36 / All) avid.milk2: GEE THANKS DAD
(13:37 / All) hi.gl.hf: lol guys
(13:41 / All) hi.gl.hf: u can't micro
(13:42 / All) hi.gl.hf: seriously
(13:43 / All) brucewillisusa: DAD
(13:45 / All) brucewillisusa: DAD
(13:46 / All) hi.gl.hf: but u still won
(13:47 / All) hi.gl.hf: gg
(13:47 / All) brucewillisusa: DAD